 Dungeon Crawl Stone Soup version 0.17-a0-1719-g1afd5a1 (webtiles) character file.

4554 Magnus the Fighter (level 10, -3/82 HPs)
             Began as a Mummy Skald on Aug 28, 2015.
             Was a Follower of Ashenzari.
             Slain by a porcupine (14 damage)
             ... on level 1 of the Lair of Beasts.
             The game lasted 01:14:02 (18975 turns).

Magnus the Fighter (Mummy Skald)                   Turns: 18975, Time: 01:14:03

Health: -3/82      AC:  5    Str: 18    XL:     10   Next: 17%
Magic:  4/14       EV: 14    Int: 12    God:    Ashenzari [*.....]
Gold:   416        SH:  0    Dex: 15    Spells: 3 memorised, 9 levels left

rFire  x . .     SeeInvis .     a - +1 falchion (curse)
rCold  + . .     Clarity  .     q - +0 leather armour (curse)
rNeg   + + +     SustAt   .     (no shield)
rPois  ∞         Gourm    .     e - +2 hat (curse)
rElec  .         Spirit   .     (no cloak)
rCorr  .         Warding  .     (no gloves)
rMut   .         Stasis   .     (no boots)
MR     +....                    t - amulet of regeneration (curse)
Stlth  +.........               p - ring of wizardry
                                i - +3 ring of dexterity

@: very slightly contaminated, somewhat resistant to hostile enchantments, very
unstealthy
A: no food or potions, fire vulnerability, cold resistance 1, negative energy
resistance 3, torment resistance, unbreathing
a: Scrying, Renounce Religion


You were on level 1 of the Lair of Beasts.
You worshipped Ashenzari.
Ashenzari was aware of your devotion.
You were not hungry.

You visited 3 branches of the dungeon, and saw 10 of its levels.

You collected 416 gold pieces.

Inventory:

Hand weapons
 a - a cursed +1 falchion (weapon)
 m - a +0 spear of freezing
Missiles
 s - 8 tomahawks of dispersal (quivered)
Armour
 e - a cursed +2 hat (worn)
 q - a cursed +0 leather armour (worn)
Jewellery
 i - a +3 ring of dexterity (left hand)
 p - a ring of wizardry (right hand)
 t - a cursed amulet of regeneration (around neck)
Magical devices
 n - a wand of slowing (17)
 r - a wand of cold (6)
Scrolls
 b - a scroll of blinking {unknown}
 d - a scroll of enchant weapon
 f - 4 scrolls of identify
 g - 2 scrolls of amnesia {unknown}
 h - a scroll of remove curse
 j - 2 scrolls of immolation
 k - a scroll of recharging
 o - 4 scrolls of teleportation
Books
 c - a book of Battle

   Spells                             Type                      Level
   a - Infusion                       Charms                       1
   b - Shroud of Golubria             Charms/Translocation         2
   c - Song of Slaying                Charms                       2
   d - Spectral Weapon                Hexes/Charms                 3
   e - Regeneration                   Charms/Necromancy            3


   Skills:
 + Level 8.7 Fighting
 + Level 7.4 Long Blades
 - Level 0.7 Armour
 + Level 5.3 Dodging
 - Level 3.0 Spellcasting
 - Level 5.0 Charms


You had 9 spell levels left.
You knew the following spells:

 Your Spells              Type           Power        Failure   Level  Hunger
a - Infusion              Chrm           ##....       1%          1    N/A
b - Spectral Weapon       Hex/Chrm       #.......     14%         3    N/A
c - Shroud of Golubria    Chrm/Tloc      #.........   7%          2    N/A

Dungeon Overview and Level Annotations

Branches:
Dungeon (8/15)             Temple (1/1) D:4            Lair (1/8) D:8

Altars:
Ashenzari
Cheibriados
Dithmenos
Elyvilon
Fedhas
Gozag
Kikubaaqudgha
Nemelex Xobeh
Okawaru
Qazlal
Ru
Sif Muna
Trog
Vehumet
Xom
Yredelemnul
Zin
The Shining One

Annotations:
D:2 Sigmund
D:4 Crazy Yiuf


Innate Abilities, Weirdness & Mutations

You do not eat or drink.
Your flesh is vulnerable to fire.
You are immune to poison.
Your flesh is cold resistant.
You are immune to negative energy.
You are immune to unholy pain and torment.
You can survive without breathing.


Message History

Your spectral weapon shares its damage with you!
Your spectral weapon fades away.
Casting: Spectral Weapon
Confirm with . or Enter, or press ? or * to list all spells.
You miscast Spectral Weapon.
You are very lightly contaminated with residual magic.
Your skin glows momentarily.
Casting: Spectral Weapon
Confirm with . or Enter, or press ? or * to list all spells.
You draw out your weapon's spirit!
The porcupine bites you.
You hit the porcupine.
The porcupine is lightly wounded.
Your spectral weapon hits the porcupine!
The porcupine bites you!
* * * LOW HITPOINT WARNING * * *
The porcupine bites you but does no damage.
The porcupine bites you!
* * * LOW HITPOINT WARNING * * *
The porcupine bites you!
You die...

#.## #..# #..
#.P### P.# #..>.
.P# #...# #P.#
#..P ...## #..#
....# #.@###..>.#
#(rr#<...#
#......#...#
#.............
#..............
.......≈..P.....
#.###.##≈≈PP≈PPP≈
## ## #≈≈≈P≈P≈≈≈
#≈≈≈≈≈≈≈≈≈


You could see 2 porcupines.

Vanquished Creatures
  The ghost of trantor the Magician, an experienced DEWz (D:5)
  Prince Ribbit (D:8)
  2 hippogriffs
  A steam dragon (D:6)
  A hungry ghost (D:7)
  A water moccasin (Lair:1)
  A phantom (D:5)
  2 black bears
  An orc warrior (D:6)
  8 ogres
  A centaur (D:6)
  3 giant frogs
  2 gnoll sergeants
  7 scorpions
  5 wights (D:8)
  A centaur zombie (D:6)
  2 giant frog zombies
  A giant frog skeleton (D:5)
  3 jellies
  8 hounds
  A gnoll shaman (D:6)
  8 orc wizards
  A quasit (D:8)
  2 orc priests
  3 iguanas
  5 worker ants
  2 hound zombies
  A hound skeleton (D:5)
  A worker ant zombie (D:6)
  21 gnolls
  17 adders
  2 shadow imps
  A worm (D:4)
  An adder skeleton (D:5)
  An adder zombie (D:7)
  2 giant geckos
  27 orcs
  10 giant cockroaches
  5 hobgoblins
  18 jackals
  2 quokkas
  7 ball pythons
  15 bats
  A giant gecko skeleton (D:7)
  8 giant newts
  2 goblins
  A jackal skeleton (D:5)
  7 kobolds
  A quokka zombie (D:7)
  9 rats
234 creatures vanquished.

Vanquished Creatures (others)
  Duvessa (D:4)
  Dowan (D:4)
  An adder (D:4)
  A gnoll (D:4)
  A giant cockroach (D:6)
  A ball python (D:4)
  A fungus (D:4)
  9 spectral weapons
16 creatures vanquished.

Grand Total: 250 creatures vanquished

Notes
Turn   | Place    | Note
--------------------------------------------------------------
     0 | D:1      | Magnus the Mummy Skald began the quest for the Orb.
     0 | D:1      | Reached XP level 1. HP: 16/16 MP: 3/3
    80 | D:1      | Reached skill level 1 in Dodging
   202 | D:1      | Reached XP level 2. HP: 22/22 MP: 0/5
   841 | D:2      | Reached XP level 3. HP: 25/27 MP: 3/6
   876 | D:2      | Learned a level 3 spell: Spectral Weapon
  1039 | D:2      | Noticed Sigmund
  1524 | D:3      | Found a blossoming altar of Fedhas.
  1711 | D:3      | Reached XP level 4. HP: 17/34 MP: 2/7
  2064 | D:3      | Found a faded altar to an unknown god.
  2243 | D:3      | Noticed a gnoll sergeant
  2849 | D:2      | Reached skill level 3 in Long Blades
  3771 | D:2      | Reached XP level 5. HP: 22/40 MP: 3/8
  5668 | D:3      | HP: 2/41 [gnoll sergeant/spear (6)]
  6154 | D:3      | HP: 1/41 [gnoll/club (7)]
  6687 | D:2      | Reached XP level 6. HP: 43/47 MP: 5/9
  7242 | D:2      | Killed a gnoll sergeant
  7453 | D:4      | Found a radiant altar of Vehumet.
  7635 | D:4      | Noticed Dowan
  7787 | D:4      | Killed Dowan
  7793 | D:4      | Killed Duvessa
  7837 | D:4      | Reached skill level 4 in Fighting
  8386 | D:3      | Learned a level 2 spell: Shroud of Golubria
  8727 | D:4      | Found a staircase to the Ecumenical Temple.
  8826 | D:4      | Reached XP level 7. HP: 47/54 MP: 6/10
  9684 | D:4      | Reached skill level 5 in Fighting
 10099 | D:4      | Found a glowing golden altar of the Shining One.
 10858 | D:4      | Noticed Crazy Yiuf
 10887 | D:5      | Entered Level 5 of the Dungeon
 11239 | D:4      | Reached XP level 8. HP: 45/62 MP: 5/11
 11826 | D:5      | Reached skill level 5 in Charms
 11918 | D:5      | Reached skill level 5 in Long Blades
 11967 | D:5      | Noticed trantor's ghost (experienced DEWz)
 12050 | D:5      | Killed trantor's ghost
 12050 | D:5      | Reached skill level 6 in Fighting
 13665 | Temple   | Entered the Ecumenical Temple
 13735 | Temple   | Became a worshipper of Ashenzari the Shackled
 14072 | D:6      | Found an iron altar of Okawaru.
 14259 | D:6      | Found a stormy altar of Qazlal.
 14387 | D:6      | Reached XP level 9. HP: 20/71 MP: 6/13
 14853 | D:6      | Found a white marble altar of Elyvilon.
 15038 | D:6      | Reached skill level 7 in Fighting
 17020 | D:8      | Noticed Prince Ribbit
 17141 | D:8      | Found a staircase to the Lair.
 17231 | D:8      | Reached skill level 8 in Fighting
 17280 | D:8      | Acquired Ashenzari's first power
 17860 | D:8      | Killed Prince Ribbit
 17992 | D:8      | Reached XP level 10. HP: 82/82 MP: 12/14
 18004 | D:8      | Reached skill level 5 in Dodging
 18955 | Lair:1   | Entered Level 1 of the Lair of Beasts
 18975 | Lair:1   | Slain by a porcupine

Vault maps used:
D:1:      minmay_arrival_nine_rooms, minmay_shallow_snake_nest
D:2:      minmay_snake_closets, uniq_sigmund
D:3:      fedhas_altar_4, ecumenical_altar_2, first_bread
D:4:      old_forge, tso_altar, fiery_altar_vehumet,
          minmay_temple_entry_from_below_a, uniq_duvessa,
          uniq_crazy_yiuf_cottage
D:5:      mrwooster_statue_mirror
D:6:      elyvilon_altar_1, lemuel_doored_altar, minmay_misc_feat_alley,
          okawaru_trees_1
D:8:      lair_0_dummy, uniq_prince_ribbit1
Temple:   triangle_lava_temple_12
Lair:1:   serial_bayou, serial_bayou_lagoon_b, serial_bayou_pond_e,
          serial_bayou_lake_a, serial_bayou_pond_b,
          lightli_volcano_entry_magma_tube, beast_lair_carwin_2,
          serial_bayou_shore_a, uniq_grum

Action                   |  1- 3 |  4- 6 |  7- 9 | 10-12 || total
-------------------------+-------+-------+-------+-------++-------
Melee: Falchion          |   132 |   348 |   707 |    77 ||  1264
 Cast: Infusion          |     5 |    17 |     9 |       ||    31
       Spectral Weapon   |     1 |    10 |    32 |     5 ||    48
       Shroud of Golubri |       |     1 |    24 |       ||    25
  Use: Scroll            |       |     4 |     8 |       ||    12
 Stab: Sleeping          |       |     2 |     1 |       ||     3
       Distracted        |       |       |     4 |       ||     4
